 Dungeon Crawl Stone Soup version 0.27-a0-92-g39ad13b146 (webtiles) character file.

Game seed: 16235371985195452290

26075 kae the Black Belt (level 13, 0/92 HPs)
             Began as a Tengu Monk on Jan 15, 2021.
             Was the Champion of Wu Jian.
             Slain by a troll simulacrum (9 damage)
             ... in an ice cave.
             The game lasted 00:16:09 (13820 turns).

kae the Black Belt (Tengu Monk)                    Turns: 13820, Time: 00:16:10

Health: 0/92       AC:  9    Str: 13    XL:     13   Next: 23%
Magic:  14/14      EV: 25    Int: 10    God:    Wu Jian [******]
Gold:   650        SH:  0    Dex: 17    Spells: 10/12 levels left

rFire    + + .     SeeInvis +     - Unarmed
rCold    . . .     Faith    .   (no shield)
rNeg     . . .     Spirit   .   w - +3 leather armour of Birdsong {rF++ Regen+ Str-4 Stlth+}
rPois    .         Reflect  .   (helmet restricted)
rElec    .         Harm     .   (no cloak)
rCorr    .         Rampage  .   (no gloves)
Will     .....                  (boots unavailable)
Stlth    +++.......             k - amulet of regeneration
HPRegen  1.05/turn              F - +4 ring of protection
MPRegen  0.14/turn              n - +4 ring of slaying

@: flying quickly and evasively, slowed, studying Dodging, very slow
A: beak, horns 1, talons 3, see invisible, deformed body, robust 1, able to fly
a: Stop Flying, Renounce Religion, Wall Jump, Serpent's Lash, Heavenly Storm


You were in an ice cave.
You worshipped Wu Jian.
Wu Jian was exalted by your worship.
You visited 3 branches of the dungeon, and saw 15 of its levels.
You also visited: Sewer, Ossuary and Ice Cave.

You collected 1106 gold pieces.
You spent 456 gold pieces at shops.

Inventory:

Armour
 a - a +1 robe
 w - the +3 leather armour of Birdsong (worn) {rF++ Regen+ Str-4 Stlth+}
   (You found it on level 7 of the Dungeon)

   It affects your strength (-4).
   It greatly protects you from fire.
   It increases your rate of regeneration.
   It makes you more stealthy.
Jewellery
 c - an uncursed ring of magical power
 i - an uncursed ring of fire
 k - an amulet of regeneration (around neck)
 n - a +4 ring of slaying (right hand)
 t - an uncursed ring of willpower
 z - the amulet of the Crushed Friars {Acrobat rF+ Str+4}
   (You found it on level 10 of the Dungeon)

   [amulet of the acrobat]

   It helps you evade while moving and waiting.
   It affects your strength (+4).
   It protects you from fire.
 A - the ring of Petuupuw {rElec rPois Int+3}
   (You found it in an ossuary)

   [ring of poison resistance]

   It affects your intelligence (+3).
   It insulates you from electricity.
   It protects you from poison.
 F - a +4 ring of protection (left hand)
 G - an uncursed amulet of the acrobat
Wands
 j - a wand of paralysis (6)
 o - a wand of enslavement (9)
 p - a wand of iceblast (4)
 q - a wand of flame (48)
 x - a wand of acid (15)
 J - a wand of random effects (29)
Scrolls
 d - 7 scrolls of fog
 e - 9 scrolls of teleportation
 m - a scroll of summoning
 u - 2 scrolls of blinking
 y - 7 scrolls of identify
 C - 2 scrolls of enchant weapon
 H - a scroll of remove curse
 I - a scroll of amnesia
Potions
 b - 4 potions of curing
 f - 2 potions of heal wounds
 g - 2 potions of magic
 h - 8 potions of might
 l - 3 potions of haste
 r - a potion of ambrosia
 s - 2 potions of berserk rage
 v - a potion of cancellation
 B - 3 potions of brilliance
 E - a potion of invisibility
Books
 D - a manual of Dodging


   Skills:
 + Level 10.8 Fighting
 - Level 7.2 Armour
 + Level 13.1 Dodging
 - Level 2.0 Stealth
 * Level 15.5 Unarmed Combat
 - Level 3.0 Translocations


You had 10 spell levels left.
You knew the following spells:

 Your Spells              Type           Power        Failure   Level
a - Blink                 Tloc           N/A          21%         2

Your spell library contained the following spells:

 Spells                   Type           Power        Failure   Level
 Gell's Gravitas          Tloc           3%           38%         3
 Lesser Beckoning         Tloc           3%           38%         3
 Teleport Other           Tloc           6%           38%         3
 Animate Skeleton         Necr           0%           43%         1
 Foxfire                  Conj/Fire      0%           43%         1
 Pain                     Necr           0%           43%         1
 Sting                    Tmut/Pois      0%           43%         1
 Conjure Flame            Conj/Fire      0%           80%         3
 Inner Flame              Hex/Fire       0%           80%         3
 Vampiric Draining        Necr           0%           80%         3
 Passage of Golubria      Tloc           N/A          80%         4
 Animate Dead             Necr           0%           99%         4
 Sticky Flame             Conj/Fire      0%           99%         4
 Agony                    Necr           0%           100%        5
 Fireball                 Conj/Fire      0%           100%        5


Dungeon Overview and Level Annotations

Branches:
Dungeon (12/15)            Temple (1/1) D:6            Lair (2/6) D:8
    Orc (0/2) D:9           Sewer (visited)         Ossuary (visited)
  IceCv (1/1)
  Swamp: Lair:2-4    Shoals: Lair:2-4     Snake: Lair:2-4    Spider: Lair:2-4

Altars:
Ashenzari
Cheibriados
Dithmenos
Elyvilon
Fedhas
Gozag
Hepliaklqana
Kikubaaqudgha
Makhleb
Nemelex Xobeh
Okawaru
Qazlal
Ru
Sif Muna
Trog
Uskayaw
Vehumet
Wu Jian
Xom
Yredelemnul
Zin
The Shining One

Shops:
D:4 *   D:6 !}*}(   D:9 (

Portals:
Trove: D:11 (give +3 fire dragon scales)

Annotations:
D:4 Eustachio
D:9 2 transporters


Innate Abilities, Weirdness & Mutations

You have a beak for a mouth.
You have claws for feet.
You can fly continuously.
You have a pair of small horns on your head.
You have supernaturally acute eyesight. (SInv)
Armour fits poorly on your strangely shaped body.
You are robust. (+10% HP)


Message History

The freezing wraith misses you.
You hit the freezing wraith but do no damage.
You claw the freezing wraith.
The freezing wraith is heavily damaged.
The freezing wraith closely misses you.
The freezing wraith completely misses you.
The troll simulacrum bites you. The troll simulacrum freezes you!
The troll simulacrum misses you. The troll simulacrum claws you.
The troll simulacrum freezes you!
You closely miss the freezing wraith.
You peck the freezing wraith, but do no damage.
The freezing wraith is heavily damaged.
The freezing wraith hits you! The freezing wraith freezes you!!
The freezing wraith misses you. The troll simulacrum bites you!
The troll simulacrum freezes you!
* * * LOW HITPOINT WARNING * * *
The troll simulacrum claws you!
* * * LOW HITPOINT WARNING * * *
The troll simulacrum freezes you!
You die...

. WZ ... ..5W ####
..W.. #..##
......#...##
#....#WZ# ##Z..#@.#
##.##..# #####
###..## ##...##
##..###### #.....#
#..## #..#
##..#..####..###..#
##...##..#
##..#...##
##...####.##
##......# ##...##
#..## #......##


You could see a freezing wraith and a troll simulacrum.

Vanquished Creatures
  Snorg (D:11)
  4 hydras
  3 two-headed ogres
  Erica (D:8)
  3 unseen horrors
  An ugly thing (D:12)
  2 cyclopes
  A manticore (D:12)
  2 black mambas (Lair:1)
  A cane toad (Lair:1)
  A centaur skeleton (D:10)
  A komodo dragon (D:8)
  7 freezing wraiths (IceCv)
  A polar bear (Lair:1)
  A wolf spider simulacrum (IceCv)
  Grinder (D:4)
  A hornet (D:12)
  3 slime creatures (D:12)
  A wraith (D:11)
  A shadow (D:11)
  A wyvern (Lair:1)
  6 yaks
  A basilisk (Lair:1)
  3 water moccasins (Lair:1)
  A soldier ant (D:11)
  An eye of draining (D:9)
  6 orc warriors
  A sky beast (D:8)
  A black bear (D:11)
  18 ice beasts
  7 ogres
  9 wolves (Lair:1)
  6 phantoms
  11 centaurs
  2 big kobolds
  11 bullfrogs
  A gnoll sergeant (D:10)
  15 scorpions
  2 elephant simulacra (IceCv)
  18 killer bees
  8 wights
  A howler monkey (D:7)
  3 centaur zombies
  2 human zombies (Ossuary)
  2 bullfrog zombies
  A draconian simulacrum (IceCv)
  5 hounds
  2 jellies
  3 orc priests
  2 bullfrog skeletons
  Jessica (D:2)
  4 iguanas
  Ijyb (D:4)
  Terence (D:2)
  13 orc wizards
  18 worker ants
  A polar bear simulacrum (IceCv)
  A troll simulacrum (IceCv)
  5 big kobold zombies (Ossuary)
  A centaur simulacrum (IceCv)
  A hound zombie (D:6)
  3 mummies (Ossuary)
  2 worker ant zombies
  18 adders
  4 gnolls (D:10)
  2 ogre simulacra (IceCv)
  4 scorpion zombies (Ossuary)
  2 shadow imps
  9 white imps
  An ufetubus (D:7)
  An ooze (D:2)
  2 adder zombies (D:8)
  An adder skeleton (D:5)
  3 worms
  A dart slug (D:2)
  2 leopard geckos
  35 orcs
  2 ball pythons
  6 giant cockroaches
  A gnoll zombie (Ossuary)
  13 goblins
  12 hobgoblins
  20 jackals
  19 kobolds
  4 quokkas
  7 bats
  10 frilled lizards
  5 goblin zombies
  A jackal zombie (D:5)
  2 kobold zombies (Ossuary)
  A leopard gecko skeleton (D:4)
  A leopard gecko zombie (D:6)
  2 orc zombies (Ossuary)
  A quokka zombie (D:8)
  11 rats
442 creatures vanquished.

Vanquished Creatures (others)
  3 fungi
  19 plants
22 creatures vanquished.

Grand Total: 464 creatures vanquished

Notes
Turn   | Place    | Note
-------+----------+-------------------------------------------
     0 | D:1      | kae the Tengu Monk began the quest for the Orb.
     0 | D:1      | Reached XP level 1. HP: 14/14 MP: 2/2
   202 | D:1      | Reached XP level 2. HP: 17/19 MP: 3/3
   549 | D:1      | Reached skill level 1 in Armour
   623 | D:1      | Reached XP level 3. HP: 23/23 MP: 4/4
   798 | D:2      | Reached skill level 4 in Unarmed Combat
   920 | D:2      | Noticed Jessica
  1177 | D:2      | Killed Jessica
  1178 | D:2      | Reached XP level 4. HP: 25/28 MP: 5/5
  1463 | D:2      | Noticed Terence
  1473 | D:2      | Killed Terence
  1645 | D:2      | Gained mutation: You can fly continuously. [Tengu growth]
  1645 | D:2      | Reached XP level 5. HP: 32/32 MP: 6/6
  2039 | D:3      | Found a faded altar of an unknown god.
  2238 | D:3      | Found a basalt altar of Yredelemnul.
  2328 | D:3      | Found a shimmering blue altar of Sif Muna.
  2348 | D:3      | Identified Sif Muna's Guide on Contamination
  2386 | D:3      | Reached skill level 5 in Unarmed Combat
  2573 | D:3      | Learned a level 2 spell: Blink
  2637 | D:3      | Found a sparkling altar of Nemelex Xobeh.
  2723 | D:4      | Found Feph's General Store.
  2723 | D:4      | Noticed Ijyb
  2728 | D:4      | Noticed Grinder
  2738 | D:4      | Paralysed by Grinder for 6 turns
  2753 | D:4      | Reached XP level 6. HP: 28/38 MP: 7/7
  2759 | D:4      | Paralysed by Grinder for 3 turns
  2763 | D:4      | Killed Grinder
  2764 | D:4      | Reached skill level 1 in Translocations
  2764 | D:4      | Reached XP level 7. HP: 39/43 MP: 8/8
  2886 | D:4      | Found a glowing drain.
  2914 | Sewer    | Entered a sewer
  3515 | D:4      | Found a shadowy altar of Dithmenos.
  3575 | D:4      | Noticed Eustachio
  3899 | D:4      | Killed Ijyb
  3900 | D:4      | Reached skill level 6 in Unarmed Combat
  3909 | D:4      | Bought a scroll of identify for 26 gold pieces
  3920 | D:5      | Entered Level 5 of the Dungeon
  4102 | D:5      | Reached skill level 5 in Dodging
  4105 | D:5      | Reached XP level 8. HP: 48/48 MP: 9/9
  4560 | D:6      | Found Pukkosed's Gadget Shop.
  4570 | D:6      | Found Dulopnaim's Gadget Emporium.
  4706 | D:6      | Found Codesu's Assorted Antiques.
  4709 | D:6      | Bought a dark potion for 26 gold pieces
  4709 | D:6      | Bought a black potion for 26 gold pieces
  4709 | D:6      | Bought a scroll of identify for 58 gold pieces
  4835 | D:6      | Found a staircase to the Ecumenical Temple.
  4846 | D:6      | Reached skill level 7 in Unarmed Combat
  4856 | D:6      | Reached skill level 5 in Fighting
  4880 | Temple   | Entered the Ecumenical Temple
  4954 | Temple   | Became a worshipper of the Wu Jian Council
  4954 | Temple   | Reached * piety under Wu Jian
  4954 | Temple   | Reached ** piety under Wu Jian
  5097 | D:6      | Found Buruny's Distillery.
  5115 | D:6      | Bought 2 potions of mutation for 160 gold pieces
  5115 | D:6      | Bought a potion of mutation for 80 gold pieces
  5115 | D:6      | Bought a potion of lignification for 30 gold pieces
  5115 | D:6      | Bought a potion of heal wounds for 50 gold pieces
  5211 | D:6      | Gained mutation: Your magical capacity is low. (-10% MP)
                  | [potion of mutation]
  5211 | D:6      | Gained mutation: You possess an exceptional clarity of
                  | mind. [potion of mutation]
  5211 | D:6      | Lost mutation: You possess an exceptional clarity of mind.
                  | [potion of mutation]
  5211 | D:6      | Gained mutation: You expend magic power (3 MP) to
                  | strengthen your wands. [potion of mutation]
  5212 | D:6      | Lost mutation: Your magical capacity is low. (-10% MP)
                  | [potion of mutation]
  5212 | D:6      | Lost mutation: You expend magic power (3 MP) to strengthen
                  | your wands. [potion of mutation]
  5212 | D:6      | Gained mutation: You have a pair of small horns on your
                  | head. [potion of mutation]
  5212 | D:6      | Gained mutation: You passively map a small area around you.
                  | [potion of mutation]
  5339 | D:6      | Lost mutation: You passively map a small area around you.
                  | [potion of mutation]
  5339 | D:6      | Lost mutation: You have a pair of small horns on your head.
                  | [potion of mutation]
  5339 | D:6      | Gained mutation: You possess an exceptional clarity of
                  | mind. [potion of mutation]
  5339 | D:6      | Gained mutation: You have sharp fingernails. [potion of
                  | mutation]
  5357 | D:6      | Reached skill level 8 in Unarmed Combat
  5357 | D:6      | Reached XP level 9. HP: 54/54 MP: 10/10
  5357 | D:6      | Lost mutation: You possess an exceptional clarity of mind.
                  | [potion of mutation]
  5357 | D:6      | Gained mutation: Scrolls take you a little longer to read.
                  | [potion of mutation]
  5357 | D:6      | Gained mutation: Your natural rate of healing is unusually
                  | fast. [potion of mutation]
  5357 | D:6      | Gained mutation: You are clumsy. (Dex -2) [potion of
                  | mutation]
  5357 | D:6      | Gained mutation: You passively map a small area around you.
                  | [potion of mutation]
  5358 | D:6      | Lost mutation: Your natural rate of healing is unusually
                  | fast. [potion of mutation]
  5358 | D:6      | Lost mutation: Scrolls take you a little longer to read.
                  | [potion of mutation]
  5358 | D:6      | Lost mutation: You passively map a small area around you.
                  | [potion of mutation]
  5358 | D:6      | Gained mutation: Your body sometimes deteriorates upon
                  | taking damage. [potion of mutation]
  5358 | D:6      | Gained mutation: Your flesh is cold resistant. (rC+)
                  | [potion of mutation]
  5359 | D:6      | Lost mutation: Your body sometimes deteriorates upon taking
                  | damage. [potion of mutation]
  5359 | D:6      | Lost mutation: You have sharp fingernails. [potion of
                  | mutation]
  5359 | D:6      | Lost mutation: Your flesh is cold resistant. (rC+) [potion
                  | of mutation]
  5359 | D:6      | Lost mutation: You are clumsy. (Dex -2) [potion of
                  | mutation]
  5359 | D:6      | Gained mutation: Armour fits poorly on your strangely
                  | shaped body. [potion of mutation]
  5359 | D:6      | Gained mutation: You have supernaturally acute eyesight.
                  | (SInv) [potion of mutation]
  5359 | D:6      | Gained mutation: You are robust. (+10% HP) [potion of
                  | mutation]
  5359 | D:6      | Gained mutation: You have a pair of small horns on your
                  | head. [potion of mutation]
  5381 | D:6      | Found a hazy altar of Hepliaklqana.
  5388 | D:6      | Reached skill level 5 in Armour
  5409 | D:6      | Found a shimmering altar of Xom.
  5410 | D:6      | Noticed a spectral ugly thing
  5418 | D:6      | Found a snail-covered altar of Cheibriados.
  5533 | D:6      | Found Jyfipu's Weapon Shop.
  6179 | D:7      | Reached skill level 9 in Unarmed Combat
  6278 | D:7      | Reached *** piety under Wu Jian
  6985 | D:7      | Got a crude leather armour
  6996 | D:7      | Identified the +3 leather armour of Birdsong {rF++ Regen+
                  | Str-4 Stlth+} (You found it on level 7 of the Dungeon)
  7014 | D:8      | Noticed Erica
  7079 | D:8      | Reached XP level 10. HP: 64/67 MP: 11/11
  7176 | D:8      | Found a sand-covered staircase.
  7190 | Ossuary  | Entered an ossuary
  7258 | Ossuary  | Reached skill level 10 in Unarmed Combat
  7472 | Ossuary  | Reached **** piety under Wu Jian
  7583 | Ossuary  | Got an ancient granite ring
  7726 | Ossuary  | Identified the ring of Petuupuw {rElec rPois Int+3} (You
                  | found it in an ossuary)
  7858 | D:8      | Killed Erica
  8126 | D:8      | Noticed a +0 hand axe
  8127 | D:8      | Found a hide-covered altar of Uskayaw.
  8127 | D:8      | Noticed a +0 hand axe
  8296 | D:8      | Found a staircase to the Lair.
  8301 | D:8      | Reached skill level 11 in Unarmed Combat
  8624 | D:9      | Found a transporter.
  8631 | D:9      | Noticed an orc high priest
  8635 | D:9      | Noticed a kobold demonologist
  8641 | D:9      | Found a transporter.
  8648 | D:9      | Noticed a kobold demonologist
  8649 | D:9      | Noticed an orc high priest
  8652 | D:9      | Found a staircase to the Orcish Mines.
  8805 | D:9      | Noticed an unseen horror
  8812 | D:9      | Killed an unseen horror
  8813 | D:9      | Reached XP level 11. HP: 70/74 MP: 12/12
  8871 | D:9      | Found an iron altar of Okawaru.
  8946 | D:9      | Found Qabiz's Weapon Shop.
  9101 | D:10     | Entered Level 10 of the Dungeon
  9377 | D:10     | Reached ***** piety under Wu Jian
  9387 | D:10     | Reached skill level 12 in Unarmed Combat
  9601 | D:10     | Got a wavering diamond amulet
  9898 | D:10     | Identified the amulet of the Crushed Friars {Acrobat rF+
                  | Str+4} (You found it on level 10 of the Dungeon)
  9930 | D:11     | Noticed a two-headed ogre
  9942 | D:11     | Killed a two-headed ogre
 10030 | D:11     | Noticed a cyclops
 10036 | D:11     | Killed a cyclops
 10040 | D:11     | Noticed an unseen horror
 10044 | D:11     | Killed an unseen horror
 10148 | D:11     | Noticed Snorg
 10178 | D:11     | Killed Snorg
 10254 | D:11     | Noticed a two-headed ogre
 10262 | D:11     | Killed a two-headed ogre
 10263 | D:11     | Reached skill level 13 in Unarmed Combat
 10457 | D:11     | Found a portal to a secret trove of treasure.
 10483 | D:11     | Identified a scroll of acquirement
 10483 | D:11     | Acquired a manual of Dodging
 10555 | D:12     | Reached skill level 10 in Dodging
 10623 | D:12     | Noticed a cyclops
 10631 | D:12     | Killed a cyclops
 10632 | D:12     | Reached XP level 12. HP: 83/83 MP: 13/13
 11251 | D:12     | Noticed a two-headed ogre
 11255 | D:12     | Killed a two-headed ogre
 11256 | D:12     | Reached skill level 14 in Unarmed Combat
 11294 | D:12     | Noticed an eight-headed hydra
 11310 | D:12     | Killed an eight-headed hydra
 11660 | D:12     | Found a burning altar of Makhleb.
 11660 | D:12     | Noticed a balrug
 12054 | Lair:1   | Entered Level 1 of the Lair of Beasts
 12054 | Lair:1   | Noticed a seven-headed hydra
 12057 | Lair:1   | Killed a seven-headed hydra
 12058 | Lair:1   | Reached skill level 10 in Fighting
 12154 | Lair:1   | Noticed a four-headed hydra
 12156 | Lair:1   | Noticed a five-headed hydra
 12159 | Lair:1   | Killed a four-headed hydra
 12161 | Lair:1   | Killed a five-headed hydra
 12396 | Lair:1   | Reached skill level 15 in Unarmed Combat
 12465 | Lair:1   | Reached XP level 13. HP: 91/91 MP: 14/14
 12797 | Lair:2   | Found a frozen archway.
 12882 | IceCv    | Entered an ice cave
 12926 | IceCv    | Reached ****** piety under Wu Jian
 13532 | IceCv    | Found an ancient bone altar of Kikubaaqudgha.
 13820 | IceCv    | Slain by a troll simulacrum

Illustrated notes

Levels and vault maps discovered:
D:1:      grunt_arrival_lava_bath, layout_loops_ring
D:2:      minmay_diamond_boxcup, layout_loops_ring, uniq_terence, uniq_jessica
D:3:      layout_rooms, old_standard_altar, led_sif_book,
          chequers_ecumenical_altar_island, nemelex_lonely_heart_becter
D:4:      layout_rooms, general_overflow_altar, gup_sewer_entry_glass,
          serial_forest, infiniplex_forest_end_1, infiniplex_forest_lined_2,
          infiniplex_forest_lined_1, infiniplex_forest_lined_4_way,
          infiniplex_forest_straight_5, serial_shops, shop, uniq_ijyb,
          uniq_eustachio, uniq_grinder
D:5:      layout_loops_ring
D:6:      layout_basic, regret_index_temple_of_mockery,
          minmay_temple_entry_grid, basic_altar, serial_shops,
          nicolae_shop_behind_doors, shop, nicolae_shop_behind_doors, shop, shop
D:7:      layout_cave_pods, chequers_serial_rivers_micro_d
D:8:      layout_loops_ring, dancing_weapons_uskayaw, david_lair_shrubbed,
          enter_ossuary_4, uniq_erica
D:9:      gammafunk_wand_slinger, layout_cave_pools, okawaru_trees_1,
          orc_0_dummy, serial_shops, shop, hangedman_glass_teeth,
          nrook_mini_vaults
D:10:     layout_layer_cave
D:11:     layout_rooms, nicolae_trove_entry_crystal, uniq_snorg
D:12:     layout_stronghold, chequers_serial_rivers_micro_a,
          makhleb_altar_promises_db
Temple:   regret_index_temple_waves
Lair:1:   layout_chaotic_city, grunt_megastairs_3
Lair:2:   layout_loops_ring, portal_ice_cave_entry_ice_beasts,
          gammafunk_ghost_abyssal_escape
IceCv:    ice_cave_small_necro

Skill      XL: |  1  2  3  4  5  6  7  8  9 10 11 12 13 |
---------------+----------------------------------------+-----
Armour         | 1 2 3 4 6 7 |  7.2
Unarmed Combat | 4 5 6 8 9 11 13 15 | 15.5
Dodging        | 4 5 6 7 8 10 12 13 | 13.1
Fighting       | 4 5 6 8 9 10 | 10.8
Translocations | 1 2 3 |  3.0
Stealth        | |  2.0

Action                   |  1- 3 |  4- 6 |  7- 9 | 10-12 | 13-15 || total
-------------------------+-------+-------+-------+-------+-------++-------
Melee: Unarmed           |    76 |    86 |   387 |   669 |   121 ||  1339
       Peck              |     9 |    12 |    68 |   131 |    25 ||   245
       Kick              |    11 |    17 |   111 |   201 |    45 ||   385
       Punch             |     1 |     2 |    15 |    29 |    10 ||    57
       Headbutt          |       |       |    35 |   126 |    25 ||   186
Invok: Lunge             |       |       |    20 |    56 |     2 ||    78
       Whirlwind         |       |       |     1 |     8 |     3 ||    12
       Serpent's Lash    |       |       |       |       |     1 ||     1
 Abil: Fly               |       |     1 |       |       |       ||     1
       Wall Jump         |       |       |       |     1 |       ||     1
Evoke: Wand              |       |       |     1 |     5 |       ||     6
  Use: Scroll            |       |     7 |     8 |    11 |     2 ||    28
       Potion            |       |     1 |     9 |       |       ||    10
 Stab: Sleeping          |     9 |    15 |     2 |    21 |     1 ||    48
       Paralysed         |       |       |     3 |       |       ||     3
       Distracted        |       |       |       |     1 |     1 ||     2
Armor: Robe              |     8 |    11 |    11 |       |       ||    30
       Skin              |       |     7 |    63 |       |       ||    70
       Leather armour    |       |       |       |    65 |    19 ||    84
Dodge: Dodged            |    55 |    50 |   258 |   473 |    94 ||   930

Table legend: (Time is in decaauts)
 A = Elapsed time spent in this place.
 B = Non-inter-level travel time spent in this place.
 C = Inter-level travel time spent in this place.
 D = Time resting spent in this place.
 E = Time spent auto-exploring this place.
 F = Levels seen in this place.
 G = Mean time per level.
                   A        B        C        D        E       F      G
               +--------+--------+--------+--------+--------+-----+--------+
         Total |  12802 |  12334 |    468 |   2223 |   7432 |  18 |  711.2 |
       Dungeon |  10068 |   9661 |    407 |   1366 |   6244 |  12 |  839.0 |
        Temple |    108 |     68 |     40 |      0 |     61 |   1 |  108.0 |
          Lair |    743 |    723 |     20 |     92 |    485 |   2 |  371.5 |
         Sewer |    461 |    461 |      0 |      0 |    367 |   1 |  461.0 |
       Ossuary |    517 |    517 |      0 |    124 |    141 |   1 |  517.0 |
      Ice Cave |    904 |    904 |      0 |    640 |    133 |   1 |  904.0 |
               +--------+--------+--------+--------+--------+-----+--------+

Top non-repeatable levels by time:
    D:12: 1307 daAuts
     D:6: 1213 daAuts
     D:1: 1002 daAuts
     D:7: 1001 daAuts
     D:2: 948 daAuts
     D:8: 939 daAuts
   IceCv: 904 daAuts
    D:10: 737 daAuts
     D:3: 686 daAuts
  Lair:1: 668 daAuts
     D:4: 628 daAuts
    D:11: 572 daAuts
     D:5: 560 daAuts
 Ossuary: 517 daAuts
     D:9: 470 daAuts
